 Dungeon Crawl Stone Soup version 0.28-a0-1286-g6bde065e89 (webtiles) character file.

Game seed: 12276227026015221017

25 Zonian the Gusty (level 3, -1/19 HPs)
             Began as a Tengu Air Elementalist on Dec 26, 2021.
             Was a High Priest of Ignis.
             Slain by an adder (5 damage)
             ... on level 2 of the Dungeon.
             The game lasted 00:01:56 (1732 turns).

Zonian the Gusty (Tengu Air Elementalist)           Turns: 1732, Time: 00:01:56

Health: -1/19      AC:  2    Str:  8    XL:     3   Next: 4%
Magic:  0/7        EV: 12    Int: 15    God:    Ignis [*****.]
Gold:   43         SH:  0    Dex: 16    Spells: 5/6 levels left

rFire   + . .      SeeInvis .   (no weapon)
rCold   . . .      Faith    .   (no shield)
rNeg    . . .      Spirit   .   a - +0 robe
rPois   .          Reflect  .   (helmet restricted)
rElec   .          Harm     .   (no cloak)
rCorr   .          Rampage  .   (no gloves)
Will    .....                   (boots unavailable)
Stlth   ++........              (no amulet)
HPRegen 0.06/turn               (no ring)
MPRegen 0.10/turn               (no ring)

@: lethally poisoned (-1 -> -2), hasted, very quick
A: beak, talons 3
a: Renounce Religion, Fiery Armour, Foxfire Swarm, Rising Flame


You were on level 2 of the Dungeon.
You worshipped Ignis.
Ignis was extremely pleased with you.
You visited 1 branch of the dungeon, and saw 2 of its levels.

You collected 43 gold pieces.

Inventory:

Hand Weapons
 f - a +0 dagger of speed
Armour
 a - a +0 robe (worn)
Scrolls
 b - a scroll of summoning {unknown}
 c - a scroll of enchant weapon {unknown}
 e - a scroll of identify {unknown}
 g - a scroll of vulnerability {unknown}
 h - a scroll of magic mapping {unknown}
Potions
 d - a potion of ambrosia {unknown}
 i - a potion of haste


   Skills:
 + Level 2.5 Dodging
 + Level 2.3 Stealth
 + Level 2.2 Spellcasting
 + Level 2.1 Conjurations
 + Level 4.3 Air Magic


You had 5 spell levels left.
You knew the following spells:

 Your Spells              Type           Power      Damage    Failure   Level
a - Shock                 Conj/Air       44%        1d5       6%          1

Your spell library contained the following spells:

 Spells                   Type           Power      Damage    Failure   Level
 Static Discharge         Conj/Air       11%        N/A       9%          2
 Swiftness                Air            14%        N/A       11%         3
 Airstrike                Air            7%         N/A       36%         4


Dungeon Overview and Level Annotations

Branches:
Dungeon (2/15)

Altars:
Ignis

Shops:
D:1 !


Innate Abilities, Weirdness & Mutations

You have a beak for a mouth.
You have claws for feet.


Message History

The adder bites you.
The zap hits the adder.
The adder is heavily wounded.
The adder closely misses you.
Unknown command.
Really attack while wielding nothing? [Y]es or [N]o only, please.
Really attack while wielding nothing? [Y]es or [N]o only, please.
Really attack while wielding nothing?
You barely miss the adder.
The adder is heavily wounded.
The adder bites you.
Unknown command.
You miss the adder.
The adder is heavily wounded.
The adder barely misses you. The adder bites you.
You hit the adder but do no damage. Your kick misses the adder.
The adder is heavily wounded.
The adder closely misses you.
You hit the adder but do no damage.
The adder is heavily wounded.
The adder barely misses you.
You hit the adder but do no damage. Your kick misses the adder.
Your peck misses the adder.
The adder is heavily wounded.
The adder bites you. x2
You are poisoned.
The adder poisons you!
You miss the adder. Your peck misses the adder.
The adder is heavily wounded.
You feel sick. The adder misses you.
Unknown command.
It was a potion of haste.
You feel yourself speed up.
You feel sick. The adder barely misses you.
Unknown command.
You miss the adder.
The adder is heavily wounded.
You feel sick. The adder bites you.
You die...

## ... ... ... .
#.# #.#####..
##.###.......
#######..........##
............)#.....
#............#
#......S...#
#...<.@....#
#..........#
############


You could see an adder.

Vanquished Creatures
  A bat (D:2)
  4 endoplasms (D:1)
  2 giant cockroaches (D:1)
  4 goblins
  A hobgoblin (D:1)
  2 jackals (D:1)
  2 frilled lizards (D:1)
  2 kobolds (D:1)
  3 rats (D:1)
  A spectral kobold (D:1)
22 creatures vanquished.

Notes
Turn   | Place    | Note
-------+----------+-------------------------------------------
     0 | D:1      | Zonian the Tengu Air Elementalist began the quest for the
                  | Orb.
     0 | D:1      | Reached XP level 1. HP: 10/10 MP: 4/4
   622 | D:1      | Found a faded altar of an unknown god.
   632 | D:1      | Reached XP level 2. HP: 13/15 MP: 1/6
   690 | D:1      | Prayed at the altar of an unknown god.
   690 | D:1      | Became a worshipper of Ignis, the Dying Flame
  1095 | D:1      | Found Ivemuhoc's Distillery.
  1717 | D:2      | Reached XP level 3. HP: 19/19 MP: 3/7
  1732 | D:2      | Slain by an adder

Illustrated notes

Levels and vault maps discovered:
D:1:      nicolae_arrival_somewhat_less_tricky_arrival, layout_loops_ring,
          dreamdust_ecumenical_altar_drowned_temple, serial_shops,
          nicolae_shop_hallway_plus, serial_rivers,
          chequers_serial_rivers_large_a, chequers_serial_rivers_micro_d,
          chequers_serial_rivers_micro_c, chequers_serial_rivers_small_b,
          chequers_serial_rivers_micro_c
D:2:      layout_rooms, basic_altar, corexii_leaking_fountain,
          minmay_heptomino_d4

Skill      XL: |  1  2 |
---------------+-------+-----
Conjurations   | 2 |  2.1
Dodging        | |  2.5
Stealth        | |  2.3
Spellcasting   | |  2.2
Air Magic      | |  4.3

Action                   || total
-------------------------++-------
Melee: Unarmed           ||    15
       Kick              ||     4
 Cast: Shock             ||    44
  Use: Potion            ||     1
Armor: Robe              ||     1
Dodge: Dodged            ||    11

Table legend: (Time is in decaauts)
 A = Elapsed time spent in this place.
 B = Non-inter-level travel time spent in this place.
 C = Inter-level travel time spent in this place.
 D = Time resting spent in this place.
 E = Time spent auto-exploring this place.
 F = Levels seen in this place.
 G = Mean time per level.
                   A        B        C        D        E       F      G
               +--------+--------+--------+--------+--------+-----+--------+
         Total |   1751 |   1737 |     14 |    642 |    927 |   2 |  875.5 |
       Dungeon |   1751 |   1737 |     14 |    642 |    927 |   2 |  875.5 |
               +--------+--------+--------+--------+--------+-----+--------+

Top non-repeatable levels by time:
     D:1: 1725 daAuts
     D:2: 25 daAuts
